 Dungeon Crawl Stone Soup version 0.20-a0-507-gc86f373 (webtiles) character file.

8117 Klosterheim the Arsonist (level 11, -1/60 HPs)
             Began as a Deep Elf Fire Elementalist on Jan 21, 2017.
             Was an Elder of Vehumet.
             Hit by a stone thrown by an orc warlord (26 damage)
             ... on level 7 of the Dungeon.
             The game lasted 00:40:45 (11163 turns).

Klosterheim the Arsonist (DEFE)                    Turns: 11163, Time: 00:40:45

Health: -1/60      AC:  1    Str:  5    XL:     11   Next: 5%
Magic:  18/36      EV: 22    Int: 24    God:    Vehumet [****..]
Gold:   446        SH:  0    Dex: 15    Spells: 13/30 levels left

rFire    . . .     SeeInvis .   f - +4 quarterstaff (chaos)
rCold    . . .     Gourm    .   M - +1 robe of the Snake Pit {*Corrode rElec MR+ Slay+2}
rNeg     . . .     Faith    .   (shield currently unavailable)
rPois    .         Spirit   .   (helmet restricted)
rElec    +         Reflect  .   l - +1 cloak
rCorr    .         Harm     .   (no gloves)
MR       ++...                  (no boots)
Stlth    ++++......             (no amulet)
Regen    0.2/turn               i - ring of magical power
                                p - +6 ring of evasion

@: about to teleport, corroded
A: beak
a: Renounce Religion


You were on level 7 of the Dungeon.
You worshipped Vehumet.
Vehumet was greatly pleased with you.
You were hungry.

You visited 2 branches of the dungeon, and saw 10 of its levels.

You collected 446 gold pieces.

Inventory:

Hand Weapons
 f - a +4 quarterstaff of chaos (weapon)
Armour
 h - the +1 leather armour "Quexkistri" {rC+ Dex+6 Slay+6}
   (You found it on level 8 of the Dungeon)

   It affects your dexterity (+6).
   It affects your accuracy and damage with ranged weapons and melee attacks
   (+6).
   It protects you from cold.
 l - a +1 cloak (worn)
 M - the +1 robe of the Snake Pit (worn) {*Corrode rElec MR+ Slay+2}
   (You found it on level 9 of the Dungeon)

   It affects your accuracy and damage with ranged weapons and melee attacks
   (+2).
   It insulates you from electricity.
   It affects your resistance to hostile enchantments.
   It may corrode you when you take damage.
Jewellery
 i - a ring of magical power (right hand)
 o - an uncursed ring of protection from cold
 p - a +6 ring of evasion (left hand)
 K - an uncursed ring of protection from cold
Wands
 I - a wand of lightning (3/15)
Scrolls
 e - 5 scrolls of remove curse
 k - 5 scrolls of amnesia
 v - 2 scrolls of teleportation
 w - a scroll of fear
 y - 2 scrolls of identify
 C - a scroll of immolation {unknown}
 F - a scroll of magic mapping
 L - a scroll of recharging {unknown}
Potions
 g - 2 potions of lignification
 j - 2 potions of flight
 m - 3 potions of agility
 n - a potion of ambrosia
 q - 2 potions of curing
 s - a potion of magic {unknown}
 t - a potion of mutation {unknown}
 x - a potion of berserk rage
 z - a potion of invisibility {unknown}
 B - a potion of cancellation {unknown}
 D - a potion of degeneration {unknown}
 E - 2 potions of brilliance {unknown}
Books
 u - a book of Conjurations

   Spells                             Type                      Level
   a - Magic Dart                     Conjuration                  1
   b - Searing Ray                    Conjuration                  2
   c - Dazzling Spray                 Conjuration/Hexes            3
   d - Fulminant Prism                Conjuration/Hexes            4
   e - Iskenderun's Mystic Blast      Conjuration                  4
   f - Iskenderun's Battlesphere      Conjuration/Charms           5
 A - a book of Cantrips

   Spells                             Type                      Level
   a - Confusing Touch                Hexes                        1
   b - Animate Skeleton               Necromancy                   1
   c - Summon Small Mammal            Summoning                    1
   d - Apportation                    Translocation                1
Comestibles
 a - 4 chunks of flesh
 c - 12 bread rations
 d - 5 meat rations
 r - 7 royal jellies
 G - 7 fruits


   Skills:
 - Level 3.8 Fighting
 - Level 7.0 Dodging
 - Level 7.0 Stealth
 + Level 10.1 Spellcasting
 + Level 7.7 Conjurations
 - Level 2.0 Hexes
 * Level 11.6 Fire Magic


You had 13 spell levels left.
You knew the following spells:

 Your Spells              Type           Power        Failure   Level  Hunger
a - Flame Tongue          Conj/Fire      #####        1%          1    None
b - Dazzling Spray        Conj/Hex       #####.       1%          3    None
c - Sticky Flame          Conj/Fire      ######..     1%          4    #......
d - Fireball              Conj/Fire      ######....   1%          5    ####...
e - Iskenderun's Mystic   Conj           #####...     1%          4    #......


Dungeon Overview and Level Annotations

Branches:
Dungeon (9/15)             Temple (1/1) D:4             Orc (0/2) D:9
   Lair: D:8-11

Altars:
Ashenzari
Cheibriados
Dithmenos
Elyvilon
Fedhas
Gozag
Hepliaklqana
Kikubaaqudgha
Makhleb
Nemelex Xobeh
Okawaru
Qazlal
Ru
Sif Muna
Trog
Uskayaw
Vehumet
Xom
Yredelemnul
Zin
The Shining One

Shops:
D:4 *   D:5 (=((   D:7 *


Innate Abilities, Weirdness & Mutations

You have a beak for a mouth.


Message History

Press: ? - help, Shift-Dir - straight line, f/p - orc warlord
Aim: an orc warlord, wielding an enchanted war axe, wearing a chain mail and wearing a shield (lightly wounded)
The fireball explodes!
The fireball engulfs the orc warlord.
The orc warlord is lightly wounded.
The orc warlord roars a battlecry!
Casting: Fireball
Confirm with . or Enter, or press ? or * to list all spells.
Aiming: Fireball
Press: ? - help, Shift-Dir - straight line, f/p - orc warlord
Aim: an orc warlord, wielding an enchanted war axe, wearing a chain mail and wearing a shield (lightly wounded)
The fireball explodes!
The fireball engulfs the orc warlord.
The orc warlord is moderately wounded.
The orc warlord throws a stone.
The stone hits you!!
Ouch! That really hurt!
The orc warlord throws a stone.
The stone completely misses you.
Okay, then.
As you read the scroll of teleportation, it crumbles to dust.
You feel strangely unstable.
The orc warlord throws a stone.
The stone hits you!!
You die...

P.................)..........)...
≈≈≈≈≈≈≈≈≈≈≈≈≈≈≈≈≈≈..((≈≈≈≈≈≈≈≈≈≈≈
≈≈≈≈≈≈≈≈≈≈≈≈≈≈≈≈≈≈....≈≈≈≈≈≈)≈≈≈≈
≈#####≈≈≈≈≈≈≈≈≈≈≈≈....≈≈≈≈≈≈≈≈≈≈≈
≈#...#...........................
≈#...#############''''###########
≈###'# #.......#....# ≈≈.#..
#.....)(#....#.. ≈≈.#.#.
#...†[(@'....'... ≈≈.#
#o############### ≈≈.# #..)....#
≈≈.# #...h..o. ≈≈.# #o....)..
≈≈.#o# ........# ≈≈.#o# .########
. ≈###'# . . . ≈#...#########
###########


You could see an orc warlord.

Vanquished Creatures
  2 two-headed ogres
  A gargoyle (D:9)
  The ghost of Klosterheim the Chopper, a novice DsFi (D:4)
  3 vampire mosquitoes (D:9)
  A steam dragon (D:9)
  14 wargs
  2 water moccasins (D:9)
  7 orc warriors
  An ice beast (D:8)
  2 phantoms
  A black bear (D:9)
  An eye of draining (D:9)
  A sky beast (D:9)
  2 centaurs
  2 ogres
  A crocodile (D:8)
  A big kobold (D:7)
  3 bullfrogs
  A water moccasin zombie (D:5)
  3 scorpions
  A water moccasin skeleton (D:9)
  5 killer bees (D:8)
  4 wights (D:6)
  5 howler monkeys
  2 crimson imps
  Crazy Yiuf (D:2)
  7 hounds
  A quasit (D:6)
  6 orc priests
  A bullfrog skeleton (D:4)
  A centaur skeleton (D:6)
  3 iguanas
  7 orc wizards
  2 worker ants
  A hound zombie (D:5)
  3 hound skeletons
  A howler monkey skeleton (D:7)
  A gnoll (D:1)
  10 adders
  A shadow imp (D:4)
  An ooze (D:3)
  An adder zombie (D:6)
  2 adder skeletons
  2 worms
  2 dart slugs (D:1)
  8 leopard geckos
  42 orcs
  3 ball pythons
  5 giant cockroaches
  5 goblins
  6 hobgoblins
  11 jackals
  14 kobolds
  5 quokkas
  6 bats
  10 frilled lizards
  A leopard gecko zombie (D:5)
  8 rats
245 creatures vanquished.

Vanquished Creatures (others)
  A plant (D:7)
1 creature vanquished.

Grand Total: 246 creatures vanquished

Notes
Turn   | Place    | Note
-------+----------+-------------------------------------------
     0 | D:1      | Klosterheim the Deep Elf Fire Elementalist began the quest for the Orb.
     0 | D:1      | Reached XP level 1. HP: 10/10 MP: 6/6
   205 | D:1      | Reached XP level 2. HP: 15/15 MP: 5/8
   375 | D:1      | Reached skill level 4 in Fire Magic
   697 | D:2      | Reached XP level 3. HP: 19/19 MP: 10/10
   926 | D:2      | Reached XP level 4. HP: 22/24 MP: 11/11
  1181 | D:2      | Found a runed door.
  1394 | D:2      | Noticed Crazy Yiuf
  1401 | D:2      | Killed Crazy Yiuf
  1401 | D:2      | Reached skill level 5 in Fire Magic
  1749 | D:3      | Reached XP level 5. HP: 28/28 MP: 13/13
  1765 | D:3      | Learned a level 3 spell: Dazzling Spray
  2637 | D:4      | Noticed an ogre
  2644 | D:4      | Reached skill level 1 in Hexes
  2648 | D:4      | Killed an ogre
  2732 | D:4      | Reached XP level 6. HP: 22/32 MP: 15/15
  2745 | D:4      | Reached skill level 5 in Spellcasting
  2873 | D:4      | Reached skill level 6 in Fire Magic
  2968 | D:4      | Found a staircase to the Ecumenical Temple.
  2978 | Temple   | Entered the Ecumenical Temple
  3100 | Temple   | Became a worshipper of Vehumet
  3211 | D:4      | Learned a level 4 spell: Sticky Flame
  3217 | D:4      | Learned a level 5 spell: Fireball
  3362 | D:4      | Found Wadaon's General Store.
  3372 | D:4      | Noticed Klosterheim's ghost (novice DsFi)
  3547 | D:3      | Reached XP level 7. HP: 32/36 MP: 17/17
  4021 | D:4      | Reached skill level 7 in Fire Magic
  4477 | D:4      | Noticed a troll
  4513 | D:5      | Entered Level 5 of the Dungeon
  4578 | D:5      | Found Fiavif's Jewellery Shoppe.
  4586 | D:5      | Found Qeboene's Antique Weapon Emporium.
  5057 | D:5      | Found Hoboorir's Antique Weapon Shoppe.
  5059 | D:5      | Found Xiclexka's Antique Weapon Boutique.
  5177 | D:5      | Reached * piety under Vehumet
  5177 | D:5      | Offered knowledge of Sting by Vehumet.
  5181 | D:5      | Reached XP level 8. HP: 41/41 MP: 19/19
  5353 | D:6      | Reached skill level 5 in Conjurations
  5364 | D:6      | Reached skill level 8 in Fire Magic
  6457 | D:6      | Reached skill level 9 in Fire Magic
  7215 | D:6      | Reached XP level 9. HP: 45/45 MP: 22/23
  7363 | D:7      | Offered knowledge of Shock by Vehumet.
  7391 | D:6      | Reached ** piety under Vehumet
  7603 | D:7      | Reached skill level 10 in Fire Magic
  7744 | D:7      | Reached skill level 1 in Fighting
  7894 | D:7      | Reached skill level 5 in Stealth
  7939 | D:7      | Noticed an orc warlord
  8023 | D:7      | Reached skill level 5 in Dodging
  8117 | D:7      | Found Reuxuxoh's General Store.
  8128 | D:7      | Gained mutation: You have a beak for a mouth. [potion of beneficial mutation]
  8236 | D:7      | Offered knowledge of Ignite Poison by Vehumet.
  8636 | D:5      | Learned a level 4 spell: Iskenderun's Mystic Blast
  8650 | D:4      | Killed Klosterheim's ghost
  8650 | D:4      | Reached XP level 10. HP: 32/56 MP: 9/24
  8701 | D:4      | Reached *** piety under Vehumet
  8915 | D:8      | Got a smoking leather armour
  8926 | D:8      | Identified the cursed +1 leather armour "Quexkistri" {rC+ Dex+6 Slay+6} (You found it on level 8 of the Dungeon)
  9527 | D:8      | Noticed a two-headed ogre
  9572 | D:8      | Killed a two-headed ogre
  9880 | D:9      | Offered knowledge of Airstrike by Vehumet.
 10455 | D:9      | Got an ancient robe
 10466 | D:9      | Identified the +1 robe of the Snake Pit {*Corrode rElec MR+ Slay+2} (You found it on level 9 of the Dungeon)
 10471 | D:9      | Noticed a two-headed ogre
 10474 | D:9      | Killed a two-headed ogre
 10474 | D:9      | Reached skill level 11 in Fire Magic
 10578 | D:9      | Noticed a gargoyle
 10580 | D:9      | Killed a gargoyle
 10580 | D:9      | Reached skill level 10 in Spellcasting
 10587 | D:9      | Reached **** piety under Vehumet
 10735 | D:9      | Found a staircase to the Orcish Mines.
 10957 | D:7      | Reached XP level 11. HP: 60/60 MP: 27/27
 11158 | D:7      | Offered knowledge of Yara's Violent Unravelling by Vehumet.
 11163 | D:7      | Hit by a stone thrown by an orc warlord

Vault maps used:
D:1:      roderic_octagonal_star, kennysheep_decorative_pillar
D:2:      uniq_crazy_yiuf_cottage
D:3:      minmay_wonky_spiral
D:4:      serial_shops, shop
D:5:      first_bread, serial_shops, shop, nicolae_shop_stone,
          nicolae_shop_stone, nicolae_shop_temple_entry_statues_fountains
D:7:      lemuel_castle_with_subvaults, serial_shops, shop
D:9:      david_orc_3
Temple:   kilobyte_greek_temple

Skill      XL: |  1  2  3  4  5  6  7  8  9 10 |
---------------+-------------------------------+-----
Fire Magic     | 4 5 6 7 9 10 11 | 11.6
Conjurations   | 2 3 4 6 7 |  7.7
Spellcasting   | 4 5 6 8 10 | 10.1
Hexes          | 1 2 |  2.0
Fighting       | 3 |  3.8
Dodging        | 5 7 |  7.0
Stealth        | 6 7 |  7.0

Action                   |  1- 3 |  4- 6 |  7- 9 | 10-12 || total
-------------------------+-------+-------+-------+-------++-------
Melee: Unarmed           |     1 |       |       |       ||     1
       Quarterstaff      |       |    16 |    19 |     2 ||    37
 Cast: Flame Tongue      |    51 |    94 |   222 |   109 ||   476
       Dazzling Spray    |       |    15 |    47 |     1 ||    63
       Sticky Flame      |       |       |    19 |    15 ||    34
       Fireball          |       |       |     5 |    20 ||    25
       Iskenderun's Myst |       |       |     5 |    16 ||    21
  Use: Scroll            |       |     6 |    12 |     2 ||    20
       Potion            |       |     1 |     1 |       ||     2
  Eat: Chunk             |       |     8 |    14 |    12 ||    34
       Fruit             |       |       |     5 |       ||     5
Armor: Robe              |       |    15 |    14 |     2 ||    31
       Leather armour    |       |       |       |     2 ||     2
Dodge: Dodged            |    13 |    48 |   166 |    67 ||   294
